Map: Proxima Station LE

Players

iaguz

  • Race: Terran Terran
  • Spawn Location: 7:00

ShoWTimE - Winner!

  • Race: Protoss Protoss
  • Spawn Location: 1:00

Event: WCS Jonkoping 2017

VOD

Have the link to the VOD?

Description

Time

  • Played on: June 17, 2017, 2:46 p.m.
  • Length: 9:12

All games in this series

Show
View Real Time Build Order
Export as new Build Order

iaguz Terran 

Build Orders: MMM Bio 

Get SALT Encoding   

  12  0:00  SCV  
  13  0:12  SCV  
  14  0:19  Supply Depot  
  14  0:25  SCV  
  15  0:40  SCV  
  15  0:41  Barracks  
  16  0:44  Refinery  
  16  0:52  SCV  
  17  1:04  SCV  
  18  1:16  SCV  
  19  1:29  Marine, Orbital Command  
  20  1:43  Command Center  
  20  1:54  SCV  
  20  1:57  Factory  
  21  2:03  Barracks Reactor  
  21  2:07  SCV  
  22  2:10  Refinery  
  22  2:19  SCV  
  23  2:35  Supply Depot  
  23  2:46  Armory  
  23  2:54  Widow Mine  
  23  2:55  SCV, Marine x2, Orbital Command  
  28  3:01  Starport  
  28  3:07  SCV  
  28  3:12  Marine x2  
  31  3:20  SCV  
  31  3:21  SCV  
  31  3:25  Factory Tech Lab  
  33  3:31  Marine x2  
  33  3:32  SCV  
  33  3:33  SCV  
  37  3:46  Supply Depot  
  37  3:48  Thor  
  43  3:49  SCV  
  43  3:51  SCV  
  43  3:52  Marine  
  46  4:04  Supply Depot  
  46  4:08  Marine, Medivac, SCV x2  
  51  4:14  Marine  
  51  4:15  Supply Depot  
  52  4:19  Engineering Bay  
  52  4:20  SCV  
  52  4:24  SCV  
  55  4:32  SCV  
  55  4:34  Barracks  
  55  4:44  Stimpack  
  55  4:46  Missile Turret  
  55  4:47  SCV x2, Missile Turret  
  53  4:55  Barracks  
  53  4:59  SCV x2  
  47  5:11  SCV x2  
  44  5:23  SCV  
  44  5:27  Marine  
  44  5:28  Starport Reactor, Factory Reactor  
  44  5:29  SCV  
  44  5:35  Refinery  
  45  5:37  SCV  
  45  5:42  SCV  
  47  5:47  Marauder  
  47  5:48  Marine x2  
  47  5:49  SCV  
  39  5:51  Barracks Tech Lab  
  39  5:54  Terran Infantry Weapons Level 1  
  39  5:57  Barracks x2  
  39  5:59  SCV  
  39  6:02  SCV  
  41  6:04  Widow Mine x2  
  41  6:07  Marine  
  47  6:11  SCV  
  47  6:13  Marauder  
  47  6:14  SCV  
  47  6:16  Marauder  
  47  6:18  Marine  
  53  6:23  SCV, Refinery  
  54  6:26  SCV  
  54  6:32  Medivac  
  57  6:34  Marauder  
  57  6:35  SCV  
  57  6:38  SCV  
  62  6:46  Barracks Reactor, Barracks Tech Lab  
  61  6:47  Supply Depot  
  61  6:50  Factory Reactor  
  61  6:51  Marauder, Supply Depot  
  61  6:52  Supply Depot  
  63  6:55  Marine  
  63  6:57  Marine x2  
  63  6:58  Medivac  
  70  7:01  SCV x2  
  70  7:06  Engineering Bay  
  70  7:09  Marauder  
  70  7:13  Marauder, Marine  
  70  7:15  Marine, SCV x2  
  76  7:17  Marine  
  79  7:23  Supply Depot  
  79  7:25  Marine x2  
  79  7:29  Combat Shields  
  81  7:30  Marine, Concussive Shells  
  81  7:31  Widow Mine  
  81  7:36  Marauder  
  86  7:39  Marine  
  86  7:40  Marauder, Marine  
  90  7:50  Supply Depot  
  90  7:51  Supply Depot  
  90  7:55  Marine  
  90  7:57  SCV  
  94  7:59  Marauder, Marine  
  94  8:01  Marauder  
  94  8:02  Marine x2  
  99  8:05  Marauder  
  99  8:06  Widow Mine  
  101  8:13  Marine  
  101  8:14  Widow Mine  
  101  8:15  Medivac x2  
  108  8:23  Marine  
  108  8:24  Marauder, Marine x2  
  108  8:25  Marauder  
  115  8:27  Supply Depot  
  115  8:30  Supply Depot  
  115  8:33  Marine  
  116  8:41  Marine  
  116  8:45  Marauder  
  116  8:46  Marine  
  116  8:47  Marauder, Marine  
Show
View Real Time Build Order
Export as new Build Order

ShoWTimE Protoss - Winner!

Build Orders: 1 Gate Expand, Oracle Opening, Phoenix Opening 

Get SALT Encoding   

  12  0:00  Probe (Chrono Boost)  
  13  0:11  Probe (Chrono Boost)  
  14  0:17  Pylon  
  14  0:22  Probe (Chrono Boost)  
  15  0:35  Probe (Chrono Boost)  
  16  0:38  Gateway  
  16  0:44  Assimilator  
  16  0:47  Probe (Chrono Boost)  
  17  0:58  Probe (Chrono Boost)  
  18  1:08  Probe (Chrono Boost)  
  19  1:22  Nexus  
  19  1:32  Cybernetics Core  
  19  1:35  Probe (Chrono Boost)  
  20  1:41  Assimilator  
  20  1:46  Probe (Chrono Boost)  
  21  1:51  Pylon  
  21  1:56  Probe (Chrono Boost)  
  22  2:07  Probe (Chrono Boost)  
  23  2:09  Adept (Chrono Boost)  
  23  2:15  Stargate  
  25  2:19  Probe  
  26  2:24  Warp Gate  
  26  2:32  Probe  
  26  2:33  Adept (Chrono Boost)  
  26  2:34  Probe  
  30  2:44  Probe x2  
  32  2:55  Probe  
  32  2:56  Probe  
  32  2:57  Oracle (Chrono Boost)  
  34  3:03  Adept (Chrono Boost)  
  39  3:05  Probe  
  39  3:09  Probe  
  39  3:12  Pylon  
  41  3:19  Mothership Core  
  43  3:21  Probe  
  44  3:33  Probe (Chrono Boost)  
  45  3:34  Phoenix  
  47  3:45  Probe x2 (Chrono Boost)  
  49  3:49  Nexus  
  49  3:53  Pylon  
  49  3:57  Probe x2 (Chrono Boost)  
  51  4:07  Gateway  
  51  4:09  Probe (Chrono Boost)  
  52  4:11  Gateway  
  52  4:14  Probe (Chrono Boost)  
  53  4:21  Pylon, Probe (Chrono Boost)  
  56  4:25  Probe (Chrono Boost)  
  56  4:27  Void Ray  
  57  4:33  Probe (Chrono Boost)  
  57  4:35  Probe (Chrono Boost)  
  61  4:42  Stalker  
  61  4:45  Pylon  
  64  4:46  Probe x2 (Chrono Boost)  
  65  4:59  Probe (Chrono Boost)  
  66  5:00  Assimilator  
  66  5:02  Probe (Chrono Boost)  
  66  5:03  Assimilator  
  66  5:06  Stalker x3  
  73  5:07  Void Ray  
  73  5:08  Probe (Chrono Boost)  
  73  5:09  Probe (Chrono Boost)  
  79  5:16  Probe (Chrono Boost)  
  79  5:19  Probe (Chrono Boost)  
  79  5:20  Probe (Chrono Boost)  
  80  5:28  Probe (Chrono Boost)  
  81  5:29  Probe (Chrono Boost), Pylon  
  81  5:30  Adept x2  
  81  5:31  Probe (Chrono Boost), Adept  
  89  5:40  Probe x2 (Chrono Boost)  
  89  5:41  Probe (Chrono Boost)  
  90  5:50  Probe (Chrono Boost), Twilight Council  
  90  5:52  Probe (Chrono Boost)  
  90  5:53  Forge, Probe (Chrono Boost)  
  93  6:01  Probe (Chrono Boost)  
  94  6:05  Assimilator  
  94  6:07  Gateway  
  94  6:08  Assimilator  
  94  6:11  Gateway x2  
  94  6:14  Gateway  
  94  6:15  Probe (Chrono Boost)  
  94  6:16  Probe (Chrono Boost)  
  94  6:17  Probe (Chrono Boost)  
  94  6:18  Gateway  
  97  6:20  Pylon  
  97  6:22  Pylon  
  97  6:26  Blink  
  97  6:29  Sentry x2  
  101  6:33  Pylon  
  101  6:37  Protoss Ground Weapons Level 1 (Chrono Boost)  
  101  6:39  Sentry  
  103  6:55  Stalker x2  
  103  6:57  Probe  
  103  6:58  Probe, Robotics Facility, Pylon  
  109  7:02  Pylon  
  109  7:03  Pylon  
  109  7:07  Stalker x4  
  117  7:15  Stalker x2  
  121  7:17  Nexus  
  121  7:21  Pylon  
  121  7:23  Stalker x2  
  125  7:32  Stalker x4  
  133  7:39  Stalker x2  
  137  7:45  Observer (Chrono Boost)  
  138  8:01  Stalker x5  
  138  8:03  Stalker  
  150  8:08  Warp Prism (Chrono Boost)  
  150  8:11  Pylon  
  152  8:19  Adept x2  
  156  8:23  Pylon  
  156  8:30  Adept x6  
  164  8:59  Adept x5  
  164  9:00  Adept x3  
Tags
 
Add a new tag
Caveats
  • Supply blocks, unpowered buildings, or Contaminate may cause inaccurate times.
  • Supply counts are checked every 10 seconds.